 Dungeon Crawl Stone Soup version 0.28-a0-724-g66f9036eb4 (webtiles) character file.

Game seed: 10730892046699564886

956 tatocazan the Gusty (level 7, 0/36 HPs)
             Began as a Deep Elf Air Elementalist on Oct 26, 2021.
             Shot with an arrow by a centaur (4 damage)
             ... on level 5 of the Dungeon.
             The game lasted 00:10:45 (6947 turns).

tatocazan the Gusty (Deep Elf Air Elementalist)     Turns: 6947, Time: 00:10:46

Health: 0/36       AC:  3    Str:  5    XL:     7   Next: 91%
Magic:  14/17      EV: 14    Int: 22    God:
Gold:   202        SH:  0    Dex: 15    Spells: 7/17 levels left

rFire   . . .      SeeInvis .   (no weapon)
rCold   . . .      Faith    .   (no shield)
rNeg    . . .      Spirit   .   a - +0 robe
rPois   .          Reflect  .   (no helmet)
rElec   .          Harm     .   (no cloak)
rCorr   .          Rampage  .   (no gloves)
Will    .....                   m - +0 pair of boots
Stlth   +++.......              (no amulet)
HPRegen 0.12/turn               (no ring)
MPRegen 0.15/turn               (no ring)

@: brilliant, on berserk cooldown, very slightly contaminated, slowed,
invisible, very slow
A: evolution 1
a: no special abilities


You were on level 5 of the Dungeon.
You visited 1 branch of the dungeon, and saw 6 of its levels.
You also visited: Ossuary.

You collected 202 gold pieces.

Inventory:

Armour
 a - a +0 robe (worn)
 m - a +0 pair of boots (worn)
Scrolls
 b - a scroll of blinking {unknown}
 c - 4 scrolls of identify {unknown}
 d - 2 scrolls of fear {unknown}
 e - a scroll of enchant armour {unknown}
 g - a scroll of noise
 h - a scroll of teleportation {unknown}
 k - 2 scrolls of acquirement {unknown}
 l - a scroll of torment {unknown}
 n - a scroll of magic mapping {unknown}
Potions
 p - a potion of haste {unknown}


   Skills:
 + Level 5.1 Dodging
 + Level 5.4 Stealth
 + Level 5.7 Spellcasting
 + Level 4.0 Conjurations
 * Level 5.9 Air Magic


You had 7 spell levels left.
You knew the following spells:

 Your Spells              Type           Power      Damage    Failure   Level
a - Shock                 Conj/Air       100%       1d9       1%          1
b - Static Discharge      Conj/Air       42%        N/A       1%          2
c - Swiftness             Air            48%        N/A       2%          3
d - Airstrike             Air            24%        N/A       9%          4

Your spell library contained the following spells:

 Spells                   Type           Power      Damage    Failure   Level


Dungeon Overview and Level Annotations

Branches:
Dungeon (6/15)            Ossuary (visited)
 Temple: D:4-7

Altars:

Annotations:
D:2 Natasha
D:4 1 runed translucent door, Crazy Yiuf


Innate Abilities, Weirdness & Mutations

You have hidden genetic potential.


Message History

You take 12 damage, and have 24/36 hp.
MASSIVE DAMAGE!!
Casting: Shock (safe; 1% risk of failure)
Confirm with . or Enter, or press ? or * to list all spells.
The spell is quite dangerous to cast (9% risk of failure)!
Continue anyway?
Aiming: Airstrike (quite dangerous; 9% risk of failure)
Press: ? - help, Dir - move target, f - centaur
Aim: a centaur, wielding a +0 shortbow and quivering arrows (empty space bonus: 2/8)
You miscast Airstrike.
You are very lightly contaminated with residual magic.
The wind whips around you!
The centaur shoots an arrow.
The arrow barely misses you.
The centaur shoots an arrow.
The arrow hits you!
* * * LOW HITPOINT WARNING * * *
You take 21 damage, and have 3/36 hp.
MASSIVE DAMAGE!!
You now have 13/17 mp.
You see here a +0 plate armour.
It was a potion of invisibility.
You fade into invisibility!
It was a potion of brilliance.
You feel clever all of a sudden.
As you read the scroll labelled NUPHURR ACUCZU, it crumbles to dust.
You hear a loud clanging noise!
It was a scroll of noise.
You hear a shout!
It was a potion of mutation.
You feel extremely strange.
You feel agile.
You feel clumsy.
You feel a hidden potential growing inside you.
It was a potion of berserk rage.
A red film seems to cover your vision as you go berserk!
You feel yourself moving faster!
You feel mighty!
You now have 5/54 hp.
You are too berserk!
You feel a strong urge to attack something.
The centaur shoots an arrow.
The arrow closely misses you.
You feel your anger nearly subside.
The centaur shoots an arrow.
The arrow misses you.
You are no longer berserk.
You are exhausted.
You feel yourself slow down.
You now have 4/36 hp.
The centaur shoots an arrow.
The arrow hits you.
You die...

.#....# ####$###. ##....#
#.......c .###..# #.# .s.
#..##'## #[# ... #####..# #c#
?ยง# ##.# #.# ..# #.# #.# ..#
######.# #.# # ..# .....#.# #@#
#.####..# ####.#.# #.# #.......#
#.#.# #.# ######<#... #...#
######.# ........s..# #...#
##.....######......#...#
####...###........#....####.#...#
..................#...# #.#...#
#..............#.....######.#...#
#.........#....#..#....#....#...#


You could see a centaur.

Vanquished Creatures
  Grinder (D:5)
  A black bear (D:5)
  A phantom (D:5)
  An elf zombie (D:6)
  3 elf skeletons (D:6)
  A scorpion (D:5)
  A wyvern skeleton (D:5)
  A jelly (D:5)
  A bullfrog zombie (D:5)
  A hound (D:4)
  A hound zombie (D:5)
  6 adders
  An adder skeleton (D:4)
  2 orcs
  11 endoplasms
  A giant cockroach (D:1)
  4 goblins
  10 hobgoblins
  3 jackals (D:1)
  11 kobolds
  4 quokkas
  7 ball pythons
  4 bats
  A frilled lizard (D:3)
  A gnoll zombie (Ossuary)
  2 orc skeletons (D:6)
  3 rats
84 creatures vanquished.

Vanquished Creatures (others)
  5 toadstools (D:6)
5 creatures vanquished.

Grand Total: 89 creatures vanquished

Notes
Turn   | Place    | Note
-------+----------+-------------------------------------------
     0 | D:1      | tatocazan the Deep Elf Air Elementalist began the quest for
                  | the Orb.
     0 | D:1      | Reached XP level 1. HP: 10/10 MP: 6/6
   173 | D:1      | Found a faded altar of an unknown god.
   306 | D:1      | Reached XP level 2. HP: 15/15 MP: 5/8
  1251 | D:1      | Reached XP level 3. HP: 19/19 MP: 7/9
  1298 | D:1      | Learned a level 2 spell: Static Discharge
  1823 | D:2      | Noticed Natasha
  2199 | D:2      | Learned a level 3 spell: Swiftness
  3259 | D:4      | Reached XP level 4. HP: 21/24 MP: 8/11
  3265 | D:4      | Learned a level 4 spell: Airstrike
  3849 | D:4      | You fall into a shaft and drop 2 floors!
  3887 | D:6      | Noticed a phantom
  3953 | D:6      | Reached XP level 5. HP: 17/28 MP: 0/13
  4231 | D:6      | Found a sand-covered staircase.
  4240 | D:6      | Reached XP level 6. HP: 13/32 MP: 6/14
  4412 | Ossuary  | Entered an ossuary
  4858 | D:5      | Entered Level 5 of the Dungeon
  5100 | D:5      | Reached skill level 5 in Spellcasting
  5184 | D:4      | Found a runed translucent door.
  5185 | D:4      | Noticed Crazy Yiuf
  5432 | D:5      | Noticed Grinder
  5443 | D:5      | Killed Grinder
  5444 | D:5      | Reached skill level 5 in Stealth
  5444 | D:5      | Reached skill level 5 in Air Magic
  5444 | D:5      | Reached XP level 7. HP: 36/36 MP: 0/17
  6388 | D:5      | Reached skill level 5 in Dodging
  6941 | D:5      | Gained mutation: You are agile. (Dex +2) [potion of
                  | mutation]
  6941 | D:5      | Lost mutation: You are agile. (Dex +2) [potion of mutation]
  6941 | D:5      | Gained mutation: You have hidden genetic potential. [potion
                  | of mutation]
  6947 | D:5      | Shot with an arrow by a centaur

Illustrated notes

Levels and vault maps discovered:
D:1:      dpeg_arrival_pond, layout_loops_ring, chequers_ecumenical_altar_grove
D:2:      layout_basic, uniq_natasha
D:3:      layout_basic
D:4:      layout_loops_ring, kennysheep_minor_cross,
          minmay_misc_feat_nine_boxes, uniq_crazy_yiuf_cottage
D:5:      layout_loops_ring, kennysheep_nondescript, hangedman_decor_push,
          grunt_ministairs_3, amethyst_killhole, chequers_mini_garden,
          uniq_grinder
D:6:      cheibrodos_fertilizer, layout_loops_ring,
          nicolae_ossuary_entry_catacombs, minmay_misc_feat_pillars

Skill      XL: |  1  2  3  4  5  6  7 |
---------------+----------------------+-----
Stealth        | 3 4 5 |  5.4
Dodging        | 3 4 5 |  5.1
Conjurations   | 2 3 4 |  4.0
Spellcasting   | 4 5 |  5.7
Air Magic      | 4 5 |  5.9

Action                   |  1- 3 |  4- 6 |  7- 9 || total
-------------------------+-------+-------+-------++-------
 Cast: Shock             |    97 |    74 |    16 ||   187
       Static Discharge  |     3 |     7 |       ||    10
       Airstrike         |       |     9 |    10 ||    19
  Use: Potion            |       |       |     4 ||     4
       Scroll            |       |       |     1 ||     1
Armor: Robe              |     5 |     5 |       ||    10
Dodge: Dodged            |    22 |    15 |     5 ||    42

Table legend: (Time is in decaauts)
 A = Elapsed time spent in this place.
 B = Non-inter-level travel time spent in this place.
 C = Inter-level travel time spent in this place.
 D = Time resting spent in this place.
 E = Time spent auto-exploring this place.
 F = Levels seen in this place.
 G = Mean time per level.
                   A        B        C        D        E       F      G
               +--------+--------+--------+--------+--------+-----+--------+
         Total |   6948 |   6778 |    170 |   2657 |   3462 |   7 |  992.6 |
       Dungeon |   6943 |   6773 |    170 |   2657 |   3462 |   6 | 1157.2 |
       Ossuary |      5 |      5 |      0 |      0 |      0 |   1 |    5.0 |
               +--------+--------+--------+--------+--------+-----+--------+

Top non-repeatable levels by time:
     D:1: 1784 daAuts
     D:4: 1676 daAuts
     D:5: 1339 daAuts
     D:6: 1003 daAuts
     D:3: 719 daAuts
     D:2: 420 daAuts
 Ossuary: 5 daAuts
